 Dungeon Crawl Stone Soup version 0.21-a0-426-g98080a9 (webtiles) character file.

70 Gaball the Shooter (level 4, 0/37 HPs)
             Began as a Deep Elf Hunter on Nov 6, 2017.
             Succumbed to an adder's poison
             ... on level 2 of the Dungeon.
             The game lasted 00:02:26 (936 turns).

Gaball the Shooter (Deep Elf Hunter)                 Turns: 936, Time: 00:02:26

Health: 0/37       AC: 22    Str:  9    XL:     4   Next: 3%
Magic:  6/6        EV:  2    Int: 16    God:
Gold:   38         SH:  0    Dex: 16    Spells: 3/3 levels left

rFire    + . .     SeeInvis .   a - +1 shortbow
rCold    + . .     Gourm    .   (shield currently unavailable)
rNeg     + + +     Faith    .   (armour currently unavailable)
rPois    +         Spirit   .   (helmet currently unavailable)
rElec    +         Reflect  .   (cloak currently unavailable)
rCorr    +         Harm     .   (gloves currently unavailable)
MR       .....     NoTele   +   (boots currently unavailable)
Stlth    ++........             (no amulet)
HPRegen  0.12/turn              (no ring)
MPRegen  0.10/turn              (no ring)

@: lethally poisoned (0 -> -1), tree-form, resistant
A: no striking features
a: no special abilities


You were on level 2 of the Dungeon.
You were not hungry.
You were a tree.
You visited 1 branch of the dungeon, and saw 2 of its levels.

You collected 38 gold pieces.

Inventory:

Hand Weapons
 a - a +1 shortbow (weapon)
 b - a +0 short sword
Missiles
 d - 2 arrows (quivered)
Armour
 c - a +0 leather armour (melded)
 h - a +0 helmet
Scrolls
 g - a scroll of random uselessness {unknown}
 k - 2 scrolls of remove curse {unknown}
Comestibles
 f - 2 bread rations
 i - a royal jelly


   Skills:
 - Level 1.5 Fighting
 + Level 6.2 Bows
 - Level 2.4 Dodging
 - Level 1.2 Stealth


You had 3 spell levels left.
You didn't know any spells.

Dungeon Overview and Level Annotations

Branches:
Dungeon (2/15)

Altars:


Message History

Press: ? - help, Shift-Dir - straight line, f/p - adder
Aim: an adder (moderately wounded)
You shoot an arrow. The arrow closely misses the adder.
* * * LOW HITPOINT WARNING * * *
You feel sick. The adder bites you but does no damage.
It was a potion of resistance.
You feel protected. The adder bites you but does no damage.
Firing (i - inventory):
d - 3 arrows (quivered)
Press: ? - help, Shift-Dir - straight line, f/p - adder
Aim: an adder (lightly wounded)
You shoot an arrow. The arrow hits the adder!
You kill the adder!
You have reached level 4!
You feel clever.
* * * LOW HITPOINT WARNING * * *
You feel sick.
* * * LOW HITPOINT WARNING * * *
You feel sick.
You die...

((...
###(.####
#.#(....# #
#.#<##S##.#
#.(.......#
#.#...##....#
#....(.....##
#####(######
#♣# #.# #"#
#.# #.# #.#
#.# #.#


There were no monsters in sight!

Vanquished Creatures
  3 adders (D:2)
  A dart slug (D:1)
  2 leopard geckos (D:1)
  A ball python (D:2)
  10 bats
  4 goblins
  5 hobgoblins
  2 jackals (D:1)
  5 kobolds (D:1)
  A frilled lizard (D:1)
  2 rats
36 creatures vanquished.

Notes
Turn   | Place    | Note
-------+----------+-------------------------------------------
     0 | D:1      | Gaball the Deep Elf Hunter began the quest for the Orb.
     0 | D:1      | Reached XP level 1. HP: 12/12 MP: 3/3
   181 | D:1      | Reached XP level 2. HP: 16/16 MP: 4/4
   203 | D:1      | Reached skill level 5 in Bows
   559 | D:1      | Reached XP level 3. HP: 20/20 MP: 5/5
   918 | D:2      | Reached skill level 6 in Bows
   927 | D:2      | Reached XP level 4. HP: 2/25 MP: 6/6
   932 | D:2      | HP: 1/37 [poisoned by an adder]
   936 | D:2      | Succumbed to an adder's poison

Vault maps used:
D:1:      minmay_arrival_glassed_features, nrook_mini_vaults
D:2:      cheibriados_altar_1, first_bread, uniq_terence, uniq_natasha

Skill      XL: |  1  2  3 |
---------------+----------+-----
Bows           | 5 6 |  6.2
Fighting       | |  1.5
Dodging        | |  2.4
Stealth        | |  1.2

Action                   |  1- 3 |  4- 6 || total
-------------------------+-------+-------++-------
 Fire: Shortbow          |   112 |       ||   112
  Use: Potion            |     3 |       ||     3
Armor: Leather armour    |    17 |       ||    17
       Skin              |    16 |       ||    16
Dodge: Dodged            |    39 |       ||    39

Table legend:
 A = Spawn XP
 B = Non-spawn XP
 C = Spawn XP percentage of total XP
 D = Spawn monster count
 E = Non-spawn monster count
 F = Spawn count percentage of total count
 G = Total turns spent on level
                    A         B        C        D         E        F      G
               +---------+---------+-------+---------+---------+-------+---------
         Total |       0 |     100 |   0.0 |       0 |      36 |   0.0 |   936
               +---------+---------+-------+---------+---------+-------+---------
           D:1 |       0 |      52 |   0.0 |       0 |      28 |   0.0 |   884
           D:2 |       0 |      48 |   0.0 |       0 |       8 |   0.0 |    52
               +---------+---------+-------+---------+---------+-------+---------
